Zazza, lawful female dwarven Valkyrie ---------- |........| |.........####### ----- |........| #######....-#############)))))#[# |........| |.(.| # ---------oo |.........## |%..| ###|.......|@ -------.-- ----- #->......|# ### |.......|# # ------------- |........#### ### |...........[# -----.---# # ............|######[###### ## # |...........|#### ##### -.--------- ### ####-...........|# # -|---- |.........| #--.-- # |............######|....| |.........-#####|...- |...........| #+...<| |.........| #....| ------------- |....| |.......... ####|.... ------ ----------- ----- Zazza the Skirmisher Experience level: 5 Strength: 18/02 Dexterity: 11 Constitution: 17 Intelligence: 8 Wisdom: 10 Charisma: 11 Health: 0(55) Energy: 4(4) Def: 14 Gold: 487 Moves: 5502 Dungeon seed: ay6aHXvcte8UdOhf Game ID: Zazza_1527423676 Your Inventory: Coins $ - 487 gold pieces Amulets u - an uncursed amulet of magical breathing (being worn) Weapons a - a thoroughly rusty +1 long sword b - a +0 dagger (in quiver) d - 2 +0 knives o - a +1 katana (weapon in hand) Armor e - an uncursed +3 small shield (being worn) n - an uncursed +0 orcish helm q - a blessed +0 crystal plate mail (being worn) y - an uncursed +0 pair of iron shoes N - an uncursed +0 orcish helm (being worn) Y - an uncursed +1 cloak of magic resistance (being worn) Scrolls j - a blessed scroll of amnesia w - an uncursed scroll of blank paper F - an uncursed scroll of light I - a cursed scroll of identify L - an uncursed scroll of create monster Spellbooks i - an uncursed spellbook of healing p - an uncursed spellbook of confuse monster Potions r - an uncursed potion of blindness A - an uncursed potion of invisibility C - an uncursed potion of object detection G - an uncursed potion of gain level K - an uncursed potion of full healing Wands l - a wand of speed monster (0:6) Tools s - an uncursed tin whistle v - 2 uncursed tallow candles (0:200) S - an uncursed blindfold U - an uncursed lock pick Spells and supernatural/magical abilities: Name Level Category Fail Memory h - healing 1 healing 72% 99% u - confuse monster 2 enchantment 100% 99% W - pray for help -- divine ? -- Your skills at the end: Fighting Skills Weapon Skills dagger [Basic] long sword [Skilled] Spellcasting Skills Final Attributes: You were piously aligned. You were cold resistant. You were poison resistant. You were magic-protected. You had infravision. You were stealthy. You could survive without air. You were unlucky. Tyr was angry with you. You are dead. Vanquished creatures: a ghost 2 Mordor orcs 3 Uruk-hai a rock piercer a rock mole 2 ponies 3 shriekers a gnome lord a gray ooze a paper golem 2 floating eyes a kobold lord a kobold shaman 2 hill orcs 2 rabid rats 2 giant bats a werejackal 2 iguanas an acid blob a gas spore 4 manes 2 giant rats 5 cave spiders a brown mold a yellow mold a red mold 6 gnomes a garter snake 7 geckos 5 jackals 3 foxes 3 kobolds 2 goblins 5 sewer rats 15 grid bugs 4 lichens 3 kobold zombies 7 newts 106 creatures vanquished. Voluntary challenges: You had been an atheist until turn 2569. You used a wielded weapon 104 times, starting on turn 23. You read items or engraved 10 times, starting on turn 3721. You never genocided any monsters. You never polymorphed an object. You never changed form. You used no wishes. You never split a pudding. You wrote Elbereth's name 2 times, starting on turn 3721. You violated your moral code, losing 1 point of alignment, starting on turn 2635. Dungeon overview: The Dungeons of Doom: levels 1 to 5 Level 1 some fountains a long staircase Level 2 a scroll shop, a fountain stairs to The Gnomish Mines Level 3 a general store, some fountains Level 4 an altar to Tyr Level 5 <- You were here an altar to Tyr The Gnomish Mines: Level 3 stairs to The Dungeons of Doom History has recorded: On T:1 you entered the Dungeons of Doom to retrieve the Amulet of Yendor! On T:438 you reached level 2 of The Dungeons of Doom. On T:938 you advanced to experience level 2. On T:1271 you reached level 3 of The Dungeons of Doom. On T:1602 you advanced to experience level 3. On T:1885 you reached level 4 of The Dungeons of Doom. On T:2461 you reached level 1 of The Gnomish Mines. On T:2780 you advanced to experience level 4. On T:3528 you advanced to experience level 5. On T:4397 you advanced to experience level 6. On T:4477 you reached level 5 of The Dungeons of Doom. Score breakdown: Gold: 487 ( 9145 points) Experience: 5 levels (11141 points) Exploration: 5 levels ( 9.62%) ( 8401 points) Discoveries: 5 items ( 2.03%) ( 4276 points) Valuables value: (no points given unless you survive) Artifact value: 0 ( 0 points) Variety of kills: 38 monsters ( 9.97%) ( 9474 points) Turncount: 5502 turns (-1495 points) Survival: died (score multiplied by 80%) Total score: 32753 Latest messages: It hits! It misses. It hits! (5x) It misses. You come to. You miss the Mordor orc. The Mordor orc hits! The Mordor orc swings her scimitar. The Mordor orc misses. You miss the Mordor orc. The Mordor orc misses. The Mordor orc swings her scimitar. The Mordor orc misses. You hit the Mordor orc! You faint from lack of food. It hits! (8x) It misses. (2x) You come to. The Mordor orc misses. The Mordor orc swings her scimitar. The Mordor orc hits! You die... Final status: Farvel Zazza the Valkyrie, killed by a Mordor orc... You died in The Dungeons of Doom on dungeon level 5 with 32753 points, and 487 pieces of gold, after 5502 moves. You were level 5 with a maximum of 55 hit points when you died.